 Dungeon Crawl Stone Soup version 0.30.1 (webtiles) character file.

Game seed: 13918963325936605088

622 Fodor the Covered (level 7, 0/61 HPs)
             Began as a Minotaur Fighter on July 11, 2023.
             Slain by Dowan
             ... wielding a +0 dagger
              (2 damage)
             ... on level 4 of the Dungeon on July 12, 2023.
             The game lasted 00:27:37 (3357 turns).

Fodor the Covered (Minotaur Fighter)                Turns: 3357, Time: 00:27:37

Health: 0/61       AC: 10    Str: 21    XL:     7   Next: 22%
Magic:  6/6        EV:  8    Int:  5    God:
Gold:   128        SH:  4    Dex: 11    Spells: 6/6 levels left

rFire   . . .        p - +4 flail (protect)
rCold   . . .        c - +0 buckler
rNeg    . . .        g - +0 chain mail
rPois   .            (helmet restricted)
rElec   .            (no cloak)
rCorr   .            (no gloves)
SInv    .            (no boots)
Will    .....        (no amulet) Stlth
                     (no ring)
HPRegen 0.30/turn    (no ring)
MPRegen 0.10/turn

%: no passive effects
@: mighty, brilliant
A: horns 2, retaliatory headbutt
a: no special abilities


You were on level 4 of the Dungeon.
You visited 1 branch of the dungeon, and saw 4 of its levels.

You collected 152 gold pieces.
You spent 24 gold pieces at shops.

Inventory:

Hand Weapons
 a - a +0 long sword
 e - a +0 sling
 h - a +2 dagger of draining
 p - a +4 flail of protection (weapon)
Missiles
 f - 3 javelins
Armour
 c - a +0 buckler (worn)
 g - a +0 chain mail (worn)
Scrolls
 i - a scroll of enchant weapon
 k - a scroll of poison
 m - a scroll of blinking
 o - 2 scrolls of torment
 q - a scroll of teleportation {unknown}
Potions
 b - a potion of haste {unknown}
 j - a potion of resistance {unknown}
 l - 4 potions of lignification
 n - a potion of brilliance
 r - a potion of ambrosia {unknown}


   Skills:
 + Level 5.3 Fighting
 + Level 2.1(2.6) Short Blades
 + Level 2.4(3.0) Long Blades
 + Level 1.3 Maces & Flails
 + Level 4.9 Ranged Weapons
 + Level 5.7 Armour
 + Level 1.4 Dodging
 + Level 0.2 Stealth
 + Level 4.2 Shields


You had 6 spell levels left.
You didn't know any spells.
Your spell library contained the following spells:

 Spells                   Type           Power      Damage    Failure   Level
 Ignite Poison            Fire/Tmut/Pois 0%         N/A       100%        3
 Sticky Flame             Conj/Fire      0%         2d3       100%        4
 Ignition                 Fire           0%         3d3       100%        8


Dungeon Overview and Level Annotations

Branches:
Dungeon (4/15)
 Temple: D:4-7

Altars:

Shops:
D:1 ?

Annotations:
D:4 Dowan


Innate Abilities, Weirdness & Mutations

You have a pair of horns on your head.
You reflexively headbutt those who attack you in melee.


Message History

You feel clever all of a sudden. Duvessa hits you but does no damage.
You feel very mighty all of a sudden. Duvessa hits you with a +0 short sword.
* * * LOW HITPOINT WARNING * * *
Duvessa hits you but does no damage.
You thump Duvessa!
You kill Duvessa!
Dowan's eyes darken. "You have made a black mistake."
Dowan seems to find hidden reserves of power!
Dowan casts a spell.
Dowan blinks!
The adder bites you but does no damage.
Your Short Blades skill increases to level 2!
Your Maces & Flails skill increases to level 1!
You have reached level 7!
You closely miss the adder. The adder closely misses you.
The adder bites you but does no damage.
You barely miss the adder.
The adder bites you but does no damage. x2
Dowan says, "Her death will not be in vain!"
You bludgeon the adder!!
You kill the adder!
The goblin hits you but does no damage.
You barely miss the goblin. You headbutt the goblin.
You kill the goblin!
Dowan mumbles some strange words.
Dowan blinks!
Unknown command.
Unknown command.
Items here: )) [ ††.
Dowan casts a spell at you. The shard of ice hits you!
* * * LOW HITPOINT WARNING * * *
You see here a +0 short sword.
You see here 14 gold pieces.
You barely miss Dowan. Dowan gestures at you while chanting.
The stone arrow misses you. Dowan hits you but does no damage.
You closely miss Dowan. Dowan completely misses you.
Dowan hits you with a +0 dagger.
You die...

################.#
..................
##########.#####.# #### #.#
#.# #.# ...# #.# #.# #.# ##.#
#.# #.# #.# #.# #.# #.# #.# #
. ##.###.# #.#####.#.#....
.......# #....))@e...!..
...###.###.####.........
...'.............##.....
...###.###.####.## #...
...###.# #.####.# .. .......#
#>.....# . ##.#####
#...##.###.#.
##.#######.#..#........#..#.##
.......................#..#..#


You could see Dowan (fast).

Vanquished Creatures
  Grinder (D:3)
  Duvessa (D:4)
  3 orc priests (D:3)
  A hound (D:4)
  Jessica (D:2)
  8 adders
  A dart slug (D:1)
  5 orcs (D:3)
  9 ball pythons
  5 bats
  8 endoplasms
  7 giant cockroaches
  12 goblins
  6 hobgoblins
  12 jackals
  2 quokkas
  2 frilled lizards (D:2)
  8 kobolds
  5 rats
97 creatures vanquished.

Notes
Turn   | Place    | Note
-------+----------+-------------------------------------------
     0 | D:1      | Fodor the Minotaur Fighter began the quest for the Orb.
     0 | D:1      | Reached XP level 1. HP: 19/19 MP: 0/0
    96 | D:1      | Found Pongeid's Magic Scroll Shoppe.
   104 | D:1      | Found a faded altar of an unknown god.
   180 | D:1      | Reached XP level 2. HP: 24/27 MP: 1/1
   277 | D:1      | Reached skill level 1 in Ranged Weapons
   406 | D:1      | Reached XP level 3. HP: 27/33 MP: 2/2
   892 | D:1      | Bought a scroll of identify for 24 gold pieces
   955 | D:2      | Reached skill level 1 in Dodging
  1055 | D:2      | Reached XP level 4. HP: 40/40 MP: 3/3
  1057 | D:2      | Noticed Jessica
  1061 | D:2      | Killed Jessica
  2160 | D:3      | Reached XP level 5. HP: 46/46 MP: 4/4
  2211 | D:3      | Reached skill level 5 in Armour
  2889 | D:3      | Noticed Grinder
  2911 | D:3      | Reached skill level 1 in Short Blades
  2911 | D:3      | Reached XP level 6. HP: 43/53 MP: 5/5
  2924 | D:3      | Killed Grinder
  3263 | D:4      | Reached skill level 5 in Fighting
  3329 | D:4      | Noticed Dowan
  3330 | D:4      | Noticed Duvessa
  3348 | D:4      | Killed Duvessa
  3349 | D:4      | Reached skill level 1 in Maces & Flails
  3349 | D:4      | Reached XP level 7. HP: 14/61 MP: 6/6
  3354 | D:4      | HP: 1/61 [Dowan/shard of ice (15)]
  3357 | D:4      | Slain by Dowan

Illustrated notes

Levels and vault maps discovered:
D:1:      shiori_shiawase, layout_basic, shapermc_ecumenical_altar_mp_vishouse,
          serial_shops, shop, minmay_misc_feat_four_crosses
D:2:      layout_basic, serial_aquarium, aquarium_bridge_long_joined
          [aquarium_subvault_wall, aquarium_subvault_wall,
          aquarium_subvault_bridge, aquarium_subvault_wall,
          aquarium_subvault_bridge, aquarium_subvault_wall],
          aquarium_bridge_square [aquarium_subvault_wall,
          aquarium_subvault_bridge, aquarium_subvault_bridge,
          aquarium_subvault_bridge], aquarium_window_1, aquarium_window_3,
          aquarium_window_fake, aquarium_window_1, aquarium_view_2e,
          aquarium_view_2b, aquarium_pool_1, uniq_jessica
D:3:      layout_basic, uniq_grinder
D:4:      layout_basic, serial_shops, shop_fountains, minmay_divided_ellipse,
          uniq_duvessa

Skill      XL: |  1  2  3  4  5  6 |
---------------+-------------------+-----
Shields        | 4 |  4.2
Ranged Weapons | 1 2 3 4 |  4.9
Armour         | 4 5 |  5.7
Fighting       | 4 5 |  5.3
Dodging        | 1 |  1.4
Short Blades   | 1 2 |  2.1
Maces & Flails | 1 |  1.3
Long Blades    | |  2.4
Stealth        | |  0.2

Action                     |  1- 3 |  4- 6 |  7- 9 || total
---------------------------+-------+-------+-------++-------
  Melee: Long sword        |     1 |       |       ||     1
         Dagger            |    41 |    47 |       ||    88
         Headbutt          |     2 |    14 |     1 ||    17
         Flail             |       |    21 |     6 ||    27
   Fire: Sling             |    88 |    76 |       ||   164
    Use: Scroll            |     3 |     2 |       ||     5
         Potion            |       |     2 |       ||     2
 Armour: Scale mail        |    46 |       |       ||    46
         Chain mail        |    12 |    77 |     5 ||    94
  Dodge: Dodged            |    53 |    52 |     3 ||   108
  Block: Buckler           |    21 |    31 |       ||    52
